AoeStats
← Mees1180

Black Forest

504862478Analyzed
2v2 RM · 26d ago on Sep 6, 2026· 54m 43s· 4 players
Game mode
Random Map
Map size
Medium (4 player)
Population
200
Speed
Normal
Resources
Standard
Victory
Conquest
Starting age
Dark Age
Ending age
Imperial Age
RankedLock teamsTeams togetherTeam positionsShared explorationLock speedFull tech treeHidden civsTurbo modeCheats
Victory
Defeat
🇨🇴 Khmer · Colombia
917
+14
🇨🇴 Bohemians · Colombia
908
+15
🇳🇱 Franks · Netherlands
946
-50
🇱🇻 Burgundians · Latvia
806
-12
Mурадин
14:59 Feudal Age
15:16 Man-at-Arms
17:26 Forging
21:48 Double-Bit Axe
21:47 Horse Collar
22:52 Wheelbarrow
22:03 Loom
26:51 Castle Age
24:48 Gold Mining
25:55 Bow Saw
26:25 Gold Shaft Mining
29:41 Husbandry
31:05 Hand Cart
31:39 Scale Barding Armor
31:21 Pikeman
32:03 Squires
34:59 Two-Man Saw
34:01 Heavy Plow
36:45 Chain Barding Armor
38:51 Iron Casting
40:18 Scale Mail Armor
43:41 Cavalier
Mees1180
5:10 Loom
12:34 Feudal Age
14:46 Gold Mining
15:02 Double-Bit Axe
16:17 Stone Mining
22:11 Castle Age
25:33 Husbandry
26:40 Bow Saw
27:16 Gold Shaft Mining
26:54 Scale Barding Armor
27:00 Forging
27:03 Squires
33:45 #83
34:08 Caravan
37:54 Murder Holes
42:05 Imperial Age
40:15 Wheelbarrow
42:57 Cavalier
44:54 Paladin
50:55 Heavy Scorpion
51:04 Elite Throwing Axeman
51:57 Guard Tower
52:34 Ballistics
53:14 Chemistry
felip3.diaz
0:59 Loom
13:24 Feudal Age
25:13 Castle Age
24:44 Double-Bit Axe
34:28 Bow Saw
35:39 Wagenburg Tactics
36:39 Wheelbarrow
37:32 Pikeman
39:05 Squires
42:08 Hand Cart
42:15 Ballistics
42:56 Chemistry
42:02 Caravan
46:44 Imperial Age
47:49 Siege Engineers
47:12 Elite Hussite Wagon
48:15 Conscription
48:38 Husbandry
47:59 Cavalier
48:01 Crossbowman
49:39 Houfnice
53:40 Spies/Treason
juandaosp12
1:40 Loom
10:02 Feudal Age
15:48 Castle Age
14:11 Double-Bit Axe
14:12 Horse Collar
15:56 Wheelbarrow
18:01 Heavy Plow
22:45 Bow Saw
22:50 Stone Mining
22:52 Gold Mining
26:58 Bloodlines
27:59 Stone Shaft Mining
27:59 Gold Shaft Mining
27:54 Hand Cart
34:06 Imperial Age
36:09 Chemistry
35:30 Ballistics
34:34 Elite Ballista Elephant
36:05 Light Cavalry
36:45 Husbandry
38:32 Double Crossbow
38:24 Heavy Scorpion
41:23 Hussar
44:16 Conscription
44:07 Scale Barding Armor
44:14 Forging
45:07 Siege Engineers
45:13 Masonry
54:16 Chain Barding Armor
54:32 Iron Casting
Connection lost

Rejoining the realm…

Still unreachable

The connection could not be restored.

Session expired

The server has moved on; the page needs a fresh start.